 Dungeon Crawl Stone Soup version 0.22-a0-608-g8a62e23 (webtiles) character file.

308 GizzardofKazz the Cudgeler (level 6, -8/37 HPs)
             Began as a Gargoyle Fighter on July 10, 2018.
             Mangled by a mummy (11 damage)
             ... in an ossuary.
             The game lasted 00:10:39 (2731 turns).

GizzardofKazz the Cudgeler (Gargoyle Fighter)       Turns: 2731, Time: 00:10:39

Health: -8/37      AC: 15    Str: 21    XL:     6   Next: 40%
Magic:  6/6        EV:  9    Int:  8    God:
Gold:   154        SH:  0    Dex: 10    Spells: 5/5 levels left

rFire    . . .     SeeInvis .   i - +0 mace
rCold    . . .     Gourm    .   (no shield)
rNeg     + . .     Faith    .   b - +0 scale mail
rPois    ∞         Spirit   .   l - +2 helmet
rElec    +         Reflect  .   (no cloak)
rCorr    .         Harm     .   p - +0 pair of gloves
MR       .....                  (no boots)
Stlth    ..........             (no amulet)
HPRegen  0.12/turn              (no ring)
MPRegen  0.10/turn              (no ring)

@: no status effects
A: negative energy resistance 1, electricity resistance, unbreathing,
petrification resistance, rot immunity, AC +4
a: no special abilities


You were in an ossuary.
You were very hungry.

You visited 1 branch of the dungeon, and saw 4 of its levels.
You also visited: Ossuary.

You collected 154 gold pieces.

Inventory:

Hand Weapons
 a - a +0 flail
 i - a +0 mace (weapon)
Armour
 b - a +0 scale mail (worn)
 l - a +2 helmet (worn)
 p - a +0 pair of gloves (worn)
Jewellery
 q - an uncursed ring of resist corrosion {unknown}
Scrolls
 e - 3 scrolls of remove curse
 j - 2 scrolls of magic mapping {unknown}
 k - a scroll of identify {unknown}
 n - a scroll of fog {unknown}
Potions
 c - a potion of brilliance {unknown}
 d - a potion of might
 g - 3 potions of haste {unknown}
 m - a potion of curing {unknown}
 o - a potion of lignification {unknown}
Comestibles
 f - 10 rations


   Skills:
 - Level 3.2 Fighting
 + Level 6.6 Maces & Flails
 - Level 3.2 Armour
   Level 3.2 Shields


You had 5 spell levels left.
You didn't know any spells.
Your spell library was empty.

Dungeon Overview and Level Annotations

Branches:
Dungeon (4/15)
 Temple: D:4-7

Altars:
Hepliaklqana
Xom


Innate Abilities, Weirdness & Mutations

You are resistant to torment.
Your stone body is resilient. (AC +4)
You are immune to poison.
You resist negative energy. (rN+)
You are resistant to electric shocks. (rElec)
You can survive without breathing.
You are immune to petrification.
You are immune to rotting.


Message History

You sock the mummy!
The mummy is heavily damaged.
The mummy hits you.
You hit the mummy.
The mummy is severely damaged.
You sock the mummy!
You destroy the mummy!
You thump the mummy!
The mummy is severely damaged.
The mummy hits you but does no damage. The mummy hits you!
Found three items.
There is an open door here.
You hit the mummy but do no damage. The mummy closely misses you.
The mummy hits you! The mummy closely misses you.
You barely miss the mummy. The mummy hits you but does no damage.
The mummy closely misses you.
You completely miss the mummy. The mummy hits you!
* * * LOW HITPOINT WARNING * * *
The mummy hits you!
You die...

#....#....#....#....#.#..#
#....#....#....#....#.#..#
#####################.'..#
.......#....###..#
.......#....#.#..#
.!??...#....#.#..#
!?$!!..#....'.'..#
!$∩$!.M########..#
??$!?.M@....#.#..#
.!??..M#M...#.#..#
.......#....'.'..#
.......#....###..#
############# #..# #..#
+..# #..# #..#


You could see 4 mummies.

Vanquished Creatures
  The ghost of HaroldFreecs the Sneak, a weakling VSEn (D:3)
  Jessica (D:3)
  Natasha (twice) (D:3)
  A big kobold zombie (Ossuary)
  An ogre zombie (Ossuary)
  2 mummies (Ossuary)
  8 adders
  A worm zombie (D:4)
  4 worms (D:2)
  2 leopard geckos
  2 orcs (D:3)
  2 bats
  2 giant cockroaches
  6 goblins
  A hobgoblin (D:2)
  4 jackals (D:3)
  3 kobolds
  2 ball pythons (D:3)
  7 frilled lizards
  A goblin zombie (Ossuary)
  4 hobgoblin zombies (Ossuary)
  4 kobold zombies
  3 quokka zombies (Ossuary)
  3 rats (D:1)
  2 rat zombies (Ossuary)
69 creatures vanquished.

Notes
Turn   | Place    | Note
-------+----------+-------------------------------------------
     0 | D:1      | GizzardofKazz the Gargoyle Fighter began the quest for the Orb.
     0 | D:1      | Reached XP level 1. HP: 14/14 MP: 1/1
   295 | D:1      | Reached XP level 2. HP: 15/19 MP: 2/2
   714 | D:2      | Reached skill level 3 in Maces & Flails
   787 | D:2      | Reached XP level 3. HP: 21/23 MP: 3/3
   984 | D:2      | Reached skill level 4 in Maces & Flails
  1015 | D:2      | Reached XP level 4. HP: 28/28 MP: 4/4
  1122 | D:2      | Found a hazy altar of Hepliaklqana.
  1262 | D:3      | Noticed Jessica
  1271 | D:3      | Killed Jessica
  1379 | D:3      | Reached skill level 5 in Maces & Flails
  1485 | D:3      | Reached XP level 5. HP: 32/32 MP: 5/5
  1520 | D:3      | Noticed Natasha
  1532 | D:3      | Killed Natasha
  1902 | D:3      | Noticed Natasha
  1916 | D:3      | Killed Natasha
  1958 | D:3      | Found a runed door.
  1958 | D:3      | Found a shimmering altar of Xom.
  1958 | D:3      | Noticed HaroldFreecs's ghost (weakling VSEn)
  1958 | D:3      | Noticed a spear of chaos
  2252 | D:3      | Killed HaroldFreecs's ghost
  2252 | D:3      | Reached skill level 6 in Maces & Flails
  2252 | D:3      | Reached XP level 6. HP: 37/37 MP: 6/6
  2381 | D:4      | Found a sand-covered staircase.
  2418 | Ossuary  | Entered an ossuary
  2731 | Ossuary  | Mangled by a mummy

Vault maps used:
D:1:      ebering_trefoil_twist, serial_bayou_lake_a
D:2:      lemuel_coloured_pillars_altar
D:3:      ebering_ghost_xom, uniq_jessica, uniq_natasha
D:4:      kennysheep_goblin_castle, first_ration, serial_shops, kennysheep_mini,
          enter_ossuary_3
Ossuary:  ossuary_boxes_badplayer

Skill      XL: |  1  2  3  4  5 |
---------------+----------------+-----
Maces & Flails | 3 4 5 6 |  6.6
Fighting       | |  3.2
Armour         | |  3.2
Shields        | |  3.2

Action                   |  1- 3 |  4- 6 || total
-------------------------+-------+-------++-------
Melee: Flail             |    17 |       ||    17
       Mace              |    88 |   192 ||   280
  Use: Scroll            |       |     1 ||     1
 Stab: Invisible         |       |     2 ||     2
  Eat: Chunk             |     1 |     4 ||     5
Armor: Scale mail        |    64 |   111 ||   175
Dodge: Dodged            |    62 |    68 ||   130

Table legend:
 A = Spawn XP
 B = Non-spawn XP
 C = Spawn XP percentage of total XP
 D = Spawn monster count
 E = Non-spawn monster count
 F = Spawn count percentage of total count
 G = Total turns spent on level
                    A         B        C        D         E        F      G
               +---------+---------+-------+---------+---------+-------+---------
         Total |       0 |     440 |   0.0 |       0 |      69 |   0.0 |  2731
               +---------+---------+-------+---------+---------+-------+---------
           D:1 |       0 |      17 |   0.0 |       0 |      12 |   0.0 |   691
           D:2 |       0 |      88 |   0.0 |       0 |      17 |   0.0 |   549
           D:3 |       0 |     223 |   0.0 |       0 |      20 |   0.0 |  1140
           D:4 |       0 |       9 |   0.0 |       0 |       3 |   0.0 |    38
       Ossuary |       0 |     103 |   0.0 |       0 |      17 |   0.0 |   313
               +---------+---------+-------+---------+---------+-------+---------
